AoeStats
← unicorn

Arabia

510949015Analyzed
1v1 RM · 8h ago on Oct 3, 2026· 33m 52s· 2 players
Game mode
Random Map
Map size
Tiny (2 player)
Population
200
Speed
Normal
Resources
Standard
Victory
Conquest
Starting age
Dark Age
Ending age
Imperial Age
RankedLock teamsTeams togetherTeam positionsShared explorationLock speedFull tech treeHidden civsTurbo modeCheats
Victory
Defeat
🇩🇪 Ethiopians · Germany
1384
+16
🇷🇺 Varangians · Russia
1388
-16
Twtis
6:26 Loom
9:20 Feudal Age
9:28 Man-at-Arms
9:55 Double-Bit Axe
14:46 Fletching
23:12 Castle Age
21:02 Horse Collar
22:00 Gold Mining
24:32 Bow Saw
23:44 Crossbowman
24:25 Bodkin Arrow
26:21 Padded Archer Armor
28:23 Ballistics
33:16 Leather Archer Armor
33:54 Heavy Plow
unicorn
8:33 Loom
10:43 Feudal Age
12:06 Double-Bit Axe
15:34 Fletching
16:56 Padded Archer Armor
18:03 Town Watch
23:08 Castle Age
21:58 Horse Collar
22:44 Bloodlines
23:14 Scale Barding Armor
24:15 Chain Barding Armor
27:50 Husbandry
34:00 Forging
Connection lost

Rejoining the realm…

Still unreachable

The connection could not be restored.

Session expired

The server has moved on; the page needs a fresh start.